 Dungeon Crawl Stone Soup version 0.22-a0-570-g58866f5 (webtiles) character file.

172 Hebeh the Chopper (level 5, -1/47 HPs)
             Began as a Minotaur Fighter on June 30, 2018.
             Slain by Grinder (3 damage)
             ... while paralysed by Grinder
             ... on level 3 of the Dungeon.
             The game lasted 00:07:17 (2139 turns).

Hebeh the Chopper (Minotaur Fighter)                Turns: 2139, Time: 00:07:17

Health: -1/47      AC:  8    Str: 21    XL:     5   Next: 27%
Magic:  4/4        EV:  2    Int:  5    God:
Gold:   123        SH:  0    Dex: 10    Spells: 4/4 levels left

rFire    . . .     SeeInvis .   a - +0 war axe
rCold    . . .     Gourm    .   c - +0 shield
rNeg     . . .     Faith    .   l - +0 swamp dragon scales
rPois    +         Spirit   .   (helmet restricted)
rElec    .         Reflect  .   (no cloak)
rCorr    .         Harm     .   (no gloves)
MR       .....                  (no boots)
Stlth    ..........             (no amulet)
HPRegen  0.15/turn              (no ring)
MPRegen  0.09/turn              (no ring)

@: paralysed
A: retaliatory headbutt, horns 2
a: no special abilities


You were on level 3 of the Dungeon.
You were not hungry.

You visited 1 branch of the dungeon, and saw 3 of its levels.

You collected 123 gold pieces.

Inventory:

Hand Weapons
 a - a +0 war axe (weapon)
 b - a +0 hunting sling
Missiles
 h - 6 javelins (quivered)
 p - 19 sling bullets
Armour
 c - a +0 shield (worn)
 l - +0 swamp dragon scales (worn)
Scrolls
 e - 2 scrolls of amnesia {unknown}
 g - 3 scrolls of teleportation {unknown}
 i - 2 scrolls of magic mapping {unknown}
 k - 5 scrolls of identify {unknown}
 m - a scroll of remove curse {unknown}
 o - a scroll of enchant weapon {unknown}
Potions
 d - a potion of might
 j - a potion of cancellation {unknown}
 n - 2 potions of berserk rage {unknown}
 q - a potion of haste {unknown}
 r - a potion of lignification {unknown}
 t - a potion of heal wounds {unknown}
Comestibles
 f - 6 rations
 s - a chunk of flesh


   Skills:
 + Level 4.4 Fighting
 * Level 4.5 Axes
 + Level 1.2 Throwing
 + Level 4.4 Armour
 + Level 4.4 Shields


You had 4 spell levels left.
You didn't know any spells.
Your spell library was empty.

Dungeon Overview and Level Annotations

Branches:
Dungeon (3/15)

Altars:
Fedhas
Sif Muna
Wu Jian

Annotations:
D:3 Grinder


Innate Abilities, Weirdness & Mutations

You reflexively headbutt those who attack you in melee.
You have a pair of horns on your head.


Message History

You hit the quokka. Grinder gestures at you.
You suddenly lose the ability to move!
The quokka completely misses you. Grinder gestures at you.
Pain shoots through your body!
The quokka bites you but does no damage.
Grinder hits you.
You writhe in agony.
The quokka bites you. x2
* * * LOW HITPOINT WARNING * * *
Grinder hits you.
* * * LOW HITPOINT WARNING * * *
You writhe in agony.
* * * LOW HITPOINT WARNING * * *
The quokka bites you but does no damage.
Grinder gestures at you. Pain shoots through your body!
* * * LOW HITPOINT WARNING * * *
The quokka bites you.
* * * LOW HITPOINT WARNING * * *
Grinder hits you.
You die...

#.# #. #.# #.####### #.#
#.......# #<# ........#
#.# #######
........####.#####......
#............#........##
......r........###.##.#
......5@.......# #.##.#
.<......###.)#.###.##.#
..####)##.......##>##.#
#. #.#####.##.##.# #.
#.# #.##....## .. #.#
#......... ## #.#
#.###.#### #.#####.# #.#
#####.......# #.#


You could see Grinder and a quokka.

Vanquished Creatures
  Robin (D:2)
  3 adders (D:3)
  2 oozes (D:2)
  5 worms (D:3)
  3 dart slugs (D:1)
  4 leopard geckos
  8 orcs (D:3)
  2 giant cockroaches
  19 goblins
  10 hobgoblins
  8 jackals
  6 kobolds
  7 bats
  6 frilled lizards
  4 rats
88 creatures vanquished.

Notes
Turn   | Place    | Note
-------+----------+-------------------------------------------
     0 | D:1      | Hebeh the Minotaur Fighter began the quest for the Orb.
     0 | D:1      | Reached XP level 1. HP: 19/19 MP: 0/0
   103 | D:1      | Reached XP level 2. HP: 27/27 MP: 1/1
   508 | D:1      | Reached XP level 3. HP: 24/33 MP: 2/2
   970 | D:2      | Found an ornate altar of the Wu Jian Council.
   979 | D:2      | Found a blossoming altar of Fedhas.
   984 | D:2      | Found a deep blue altar of Sif Muna.
  1399 | D:2      | Noticed Robin
  1400 | D:2      | Reached XP level 4. HP: 40/40 MP: 3/3
  1422 | D:2      | Killed Robin
  1625 | D:3      | Reached skill level 1 in Throwing
  1715 | D:3      | Reached XP level 5. HP: 47/47 MP: 4/4
  2128 | D:3      | Noticed Grinder
  2135 | D:3      | Paralysed by Grinder for 6 turns
  2139 | D:3      | HP: 2/47 [quokka (1)]
  2139 | D:3      | Slain by Grinder

Vault maps used:
D:1:      minmay_arrival_arboretum_small
D:2:      minmay_overflow_temple_star_quad, first_ration, uniq_robin
D:3:      uniq_grinder

Skill      XL: |  1  2  3  4 |
---------------+-------------+-----
Axes           | 3 4 |  4.5
Shields        | 4 |  4.4
Fighting       | 4 |  4.4
Armour         | 4 |  4.4
Throwing       | 1 |  1.2

Action                   |  1- 3 |  4- 6 || total
-------------------------+-------+-------++-------
Melee: War axe           |   118 |    88 ||   206
       Headbutt          |    13 |    16 ||    29
Throw: Javelin           |       |     5 ||     5
  Eat: Chunk             |     2 |     1 ||     3
       Ration            |       |     1 ||     1
Armor: Scale mail        |    31 |       ||    31
       Swamp dragon scal |    25 |    41 ||    66
Dodge: Dodged            |    40 |    29 ||    69
Block: Shield            |    74 |    59 ||   133

Table legend:
 A = Spawn XP
 B = Non-spawn XP
 C = Spawn XP percentage of total XP
 D = Spawn monster count
 E = Non-spawn monster count
 F = Spawn count percentage of total count
 G = Total turns spent on level
                    A         B        C        D         E        F      G
               +---------+---------+-------+---------+---------+-------+---------
         Total |       0 |     246 |   0.0 |       0 |      88 |   0.0 |  2139
               +---------+---------+-------+---------+---------+-------+---------
           D:1 |       0 |      49 |   0.0 |       0 |      25 |   0.0 |   842
           D:2 |       0 |      97 |   0.0 |       0 |      39 |   0.0 |   771
           D:3 |       0 |     100 |   0.0 |       0 |      24 |   0.0 |   526
               +---------+---------+-------+---------+---------+-------+---------
